 Dungeon Crawl Stone Soup version 0.20.1-1-g8b1a95d (webtiles) character file.

17928 Begomoth the Protected (level 12, -1/75 HPs)
             Began as a Kobold Berserker on July 12, 2017.
             Was a High Priest of Trog.
             Slain by a porcupine (4 damage)
             ... on level 1 of the Lair of Beasts.
             The game lasted 00:29:51 (12420 turns).

Begomoth the Protected (Kobold Berserker)          Turns: 12420, Time: 00:29:52

Health: -1/75      AC: 17    Str: 24    XL:     12   Next: 88%
Magic:  21/21      EV: 13    Int:  9    God:    Trog [*****.]
Gold:   542        SH:  0    Dex: 15    Spells: 11/11 levels left

rFire    . . .     SeeInvis .   N - +2 rapier (protect)
rCold    . . .     Gourm    .   (shield restricted)
rNeg     + . .     Faith    .   y - +1 plate armour of Ehemn {-Cast rElec rCorr MP+9}
rPois    .         Spirit   .   (no helmet)
rElec    +         Reflect  .   (no cloak)
rCorr    +         Harm     .   (no gloves)
MR       ++...     NoCast   +   (no boots)
Stlth    ..........             J - amulet of rage
Regen    1.3/turn               A - ring of positive energy
MPRegen  0.2/turn               a - +4 ring of strength

@: lethally poisoned (-1 -> -4), berserk cooldown, regenerating
A: carnivore 3, shaggy fur 1, strong 1, wild magic 1
a: Berserk, Trog's Hand, Brothers in Arms, Burn Spellbooks, Renounce Religion,
Evoke Berserk Rage


You were on level 1 of the Lair of Beasts.
You worshipped Trog.
Trog was extremely pleased with you.
You were not hungry.

You visited 2 branches of the dungeon, and saw 11 of its levels.

You collected 542 gold pieces.

Inventory:

Hand Weapons
 i - a +3 dagger
 q - a +2 dagger of electrocution
 t - a +1 short sword of speed
 N - a +2 rapier of protection (weapon)
 O - a +1 rapier of speed
Armour
 h - a +4 ring mail
 y - the +1 plate armour of Ehemn (worn) {-Cast rElec rCorr MP+9}
   (You found it on level 5 of the Dungeon)

   It insulates you from electricity.
   It affects your magic capacity (+9).
   It prevents spellcasting.
   It protects you from acid and corrosion.
 G - a +0 cloak
Jewellery
 a - a +4 ring of strength (right hand)
 A - a ring of positive energy (left hand)
 C - an uncursed ring of protection from cold
 E - an uncursed amulet of the gourmand
 J - an amulet of rage (around neck)
Wands
 k - a wand of digging (14/24)
 w - a wand of polymorph (16/24)
 x - a wand of flame (20/48)
 B - a wand of paralysis (11/24)
Scrolls
 d - 3 scrolls of noise
 j - 5 scrolls of remove curse
 l - a scroll of amnesia
 o - 3 scrolls of immolation
 r - a scroll of fog
 u - a scroll of acquirement {unknown}
 v - a scroll of enchant weapon
 H - 2 scrolls of random uselessness {unknown}
 I - a scroll of recharging {unknown}
 K - a scroll of silence
 M - a scroll of magic mapping {unknown}
 P - 3 scrolls of fear {unknown}
Potions
 b - 3 potions of brilliance
 e - 3 potions of cancellation {unknown}
 f - 5 potions of degeneration
 n - a potion of ambrosia {unknown}
 p - a potion of might {unknown}
 z - 3 potions of resistance {unknown}
 R - a potion of invisibility {unknown}
 S - a potion of haste
Books
 F - a book of Changes

   Spells                             Type                      Level
   a - Beastly Appendage              Transmutation                1
   b - Sticks to Snakes               Transmutation                2
   c - Spider Form                    Transmutation/Poison         3
   d - Ice Form                       Ice/Transmutation            4
   e - Blade Hands                    Transmutation                5
   Trog disapproves of the use of such an item.
 L - a book of Conjurations

   Spells                             Type                      Level
   a - Magic Dart                     Conjuration                  1
   b - Searing Ray                    Conjuration                  2
   c - Dazzling Spray                 Conjuration/Hexes            3
   d - Fulminant Prism                Conjuration/Hexes            4
   e - Force Lance                    Conjuration/Translocation    4
   f - Iskenderun's Mystic Blast      Conjuration                  4
   Trog disapproves of the use of such an item.
Comestibles
 c - 7 meat rations
 g - 10 royal jellies
 D - 24 fruits
 Q - 2 bread rations


   Skills:
 + Level 8.4 Fighting
 + Level 12.3 Short Blades
 * Level 13.0 Armour
 + Level 6.1 Dodging
 - Level 3.9 Stealth


You had 11 spell levels left.
You didn't know any spells.

Dungeon Overview and Level Annotations

Branches:
Dungeon (11/15)              Lair (2/6) D:11            Orc (0/2) D:11
 Temple: D:4-7        Swamp: Lair:2-4    Shoals: Lair:2-4     Snake: Lair:2-4
 Spider: Lair:2-4

Altars:
Cheibriados
Elyvilon
Fedhas
Gozag
Makhleb
Uskayaw
Vehumet
Xom
Yredelemnul
Zin
The Shining One

Annotations:
D:2 2 transporters
D:11 exclusion: 2 oklob plants


Innate Abilities, Weirdness & Mutations

You are small and have problems with some larger weapons.
You are carnivorous and can eat meat at any time.
You are covered in fur. (AC +1)
Your muscles are strong. (Str +2)
Your spells are a little harder to cast, but a little more powerful.


Message History

The black mamba bites you!
* * * LOW HITPOINT WARNING * * *
You feel sick. The black mamba bites you.
* * * LOW HITPOINT WARNING * * *
Your skin crawls.
You feel resistant to hostile enchantments.
You feel somewhat more hungry.
You feel sick. The porcupine bites you.
* * * LOW HITPOINT WARNING * * *
The black mamba bites you!
* * * LOW HITPOINT WARNING * * *
You are lethally poisoned!
The black mamba poisons you!
Okay, then.
Okay, then.
Okay, then.
You feel better. The black mamba bites you!
* * * LOW HITPOINT WARNING * * *
You are lethally poisoned!
The black mamba poisons you! The porcupine bites you.
You die...

# ##......## #.......#
##......# #......##
###.......# ###
#.........#
..#############..##....#
.........#.#.....###...#
................@P#....#
...............rS.#...##
.......................#
.......................#
..............>.......##
.........#............##
.....#.#..#..P.......#.#
###########.#########.##
### ###


You could see a black mamba and a porcupine.

Vanquished Creatures
  4 two-headed ogres
  Pikel (D:8)
  A manticore (D:11)
  Maurice (D:8)
  Psyche (D:9)
  Joseph (D:8)
  2 black mambas (Lair:1)
  3 spiny frogs
  3 komodo dragons
  2 trolls
  A hornet (D:11)
  Prince Ribbit (D:8)
  4 hippogriffs
  4 wraiths (D:9)
  A shadow (D:9)
  A vampire (D:11)
  7 yaks (D:11)
  A basilisk (Lair:1)
  3 hungry ghosts
  2 fire bats (D:9)
  A two-headed ogre zombie (D:11)
  2 water moccasins
  4 porcupines
  2 ice beasts (D:11)
  2 black bears
  3 orc warriors
  A phantom (D:11)
  2 sky beasts
  An eye of draining (D:11)
  An ogre (D:11)
  3 centaurs
  2 crocodiles (Lair:1)
  4 big kobolds
  7 bullfrogs
  3 scorpions
  A wyvern skeleton (D:11)
  3 troll zombies (D:11)
  47 killer bees
  2 howler monkeys (D:10)
  3 bullfrog zombies
  3 centaur zombies
  3 crimson imps
  2 jellies
  2 quasits
  7 hounds
  A centaur skeleton (D:11)
  2 orc priests (D:11)
  2 iguanas
  2 orc wizards
  8 worker ants
  A killer bee zombie (D:8)
  4 ogre zombies (D:11)
  4 worker ant zombies
  A gnoll (D:2)
  3 adders
  2 shadow imps (D:11)
  An ooze (D:3)
  2 worms (D:2)
  2 dart slugs
  4 leopard geckos
  14 orcs
  2 ball pythons
  13 bats
  4 giant cockroaches
  5 goblins
  10 hobgoblins
  3 jackals
  5 quokkas
  7 frilled lizards
  A goblin zombie (D:11)
  A hobgoblin skeleton (D:11)
  6 hobgoblin zombies (D:11)
  20 kobolds
  A leopard gecko skeleton (D:4)
  An orc skeleton (D:11)
  16 orc zombies (D:11)
  9 rats
  A fungus (D:11)
313 creatures vanquished.

Vanquished Creatures (collateral kills)
  A shadow (D:11)
  A porcupine (D:11)
  A scorpion (D:11)
3 creatures vanquished.

Vanquished Creatures (others)
  A hungry ghost (D:8)
  4 slaves (D:8)
  A killer bee (D:8)
  11 fungi (D:11)
  10 plants (D:11)
27 creatures vanquished.

Grand Total: 343 creatures vanquished

Notes
Turn   | Place    | Note
-------+----------+-------------------------------------------
     0 | D:1      | Begomoth the Kobold Berserker began the quest for the Orb.
     0 | D:1      | Reached XP level 1. HP: 14/14 MP: 1/1
   305 | D:1      | Reached XP level 2. HP: 19/19 MP: 2/2
   792 | D:1      | Reached XP level 3. HP: 22/23 MP: 3/3
   804 | D:1      | Reached ** piety under Trog
   985 | D:2      | Reached skill level 5 in Short Blades
  1131 | D:2      | Found a faded altar of an unknown god.
  1153 | D:2      | Found a basalt altar of Yredelemnul.
  1157 | D:2      | Found a transporter.
  1168 | D:2      | Found a transporter.
  1258 | D:2      | Reached XP level 4. HP: 20/29 MP: 4/4
  1942 | D:3      | Reached skill level 2 in Armour
  1942 | D:3      | Reached XP level 5. HP: 33/33 MP: 5/5
  1945 | D:3      | Found a shimmering altar of Xom.
  2250 | D:3      | Found a glowing golden altar of the Shining One.
  2717 | D:4      | Reached *** piety under Trog
  3150 | D:4      | Reached XP level 6. HP: 36/38 MP: 6/6
  3396 | D:5      | Entered Level 5 of the Dungeon
  3396 | D:5      | Found a snail-covered altar of Cheibriados.
  3411 | D:5      | Got a smoking plate armour
  3422 | D:5      | Identified the +1 plate armour of Ehemn {-Cast rElec rCorr MP+9} (You found it on level 5 of the Dungeon)
  3506 | D:5      | Reached skill level 1 in Stealth
  3511 | D:5      | Found a glowing silver altar of Zin.
  3685 | D:5      | Reached skill level 3 in Armour
  3685 | D:5      | Reached XP level 7. HP: 43/43 MP: 7/7
  3687 | D:5      | Found a blossoming altar of Fedhas.
  3708 | D:5      | You fall through a shaft for 3 floors!
  3738 | D:8      | Noticed Joseph
  3754 | D:8      | Killed Joseph
  4095 | D:8      | Reached skill level 4 in Armour
  4095 | D:8      | Reached XP level 8. HP: 48/48 MP: 8/8
  4100 | D:8      | Gained mutation: Your flesh is cold resistant. (rC+) [mutagenic meat]
  4101 | D:8      | Gained mutation: Armour fits poorly on your strangely shaped body. [mutagenic meat]
  4102 | D:8      | Gained mutation: You have a pair of small horns on your head. [mutagenic meat]
  4103 | D:8      | Gained mutation: Your system is resistant to poisons. (rPois) [mutagenic meat]
  4104 | D:8      | Gained mutation: You occasionally shout uncontrollably at your foes. [mutagenic meat]
  4105 | D:8      | Noticed Prince Ribbit
  4146 | D:8      | Noticed Pikel
  4163 | D:8      | Killed Pikel
  4163 | D:8      | Reached skill level 5 in Fighting
  4163 | D:8      | Reached skill level 5 in Armour
  4168 | D:8      | Reached XP level 9. HP: 54/54 MP: 9/9
  4209 | D:8      | Noticed a two-headed ogre
  4245 | D:8      | Killed a two-headed ogre
  4245 | D:8      | Reached skill level 6 in Armour
  4678 | D:8      | Killed Prince Ribbit
  4712 | D:8      | Noticed a hippogriff
  4726 | D:8      | Killed a hippogriff
  4726 | D:8      | Reached skill level 7 in Armour
  4907 | D:8      | Reached skill level 5 in Dodging
  5013 | D:8      | Noticed Maurice
  5014 | D:8      | Paralysed by Maurice for 6 turns
  5027 | D:8      | Killed Maurice
  5027 | D:8      | Reached skill level 10 in Short Blades
  5027 | D:8      | Reached XP level 10. HP: 60/60 MP: 10/10
  5240 | D:8      | Reached **** piety under Trog
  5357 | D:9      | Found a hide-covered altar of Uskayaw.
  5554 | D:9      | Reached skill level 8 in Armour
  5567 | D:9      | Found an opulent altar of Gozag.
  5591 | D:9      | Noticed Psyche
  5598 | D:9      | Killed Psyche
  5869 | D:9      | Found a runed door.
  5891 | D:9      | Found a glowing silver altar of Zin.
  5944 | D:9      | Found a burning altar of Makhleb.
  5964 | D:9      | Found a blossoming altar of Fedhas.
  5977 | D:9      | Reached skill level 9 in Armour
  6033 | D:9      | Found a white marble altar of Elyvilon.
  6092 | D:9      | Found an opulent altar of Gozag.
  6114 | D:9      | Found a radiant altar of Vehumet.
  6424 | D:9      | Noticed a flayed ghost
  6487 | D:10     | Entered Level 10 of the Dungeon
  7018 | D:10     | Reached XP level 11. HP: 66/66 MP: 11/11
  7150 | D:10     | Found a radiant altar of Vehumet.
  7264 | D:10     | Reached skill level 10 in Armour
  7855 | D:11     | Noticed a manticore
  7864 | D:11     | Killed a manticore
  7942 | D:11     | Reached ***** piety under Trog
  8184 | D:11     | Noticed an oklob plant
  8184 | D:11     | Noticed an oklob plant
  8231 | D:11     | Reached skill level 11 in Armour
  8243 | D:11     | Noticed a two-headed ogre
  8257 | D:11     | Killed a two-headed ogre
  8281 | D:11     | Received a gift from Trog
  8465 | D:11     | Noticed a two-headed ogre
  8515 | D:11     | Killed a two-headed ogre
  8523 | D:11     | Reached XP level 12. HP: 36/72 MP: 12/12
  8630 | D:11     | Reached skill level 12 in Armour
  8800 | D:11     | Found a staircase to the Lair.
  8914 | D:11     | Lost mutation: Armour fits poorly on your strangely shaped body. [potion of mutation]
  8914 | D:11     | Lost mutation: Your flesh is cold resistant. (rC+) [potion of mutation]
  8914 | D:11     | Lost mutation: You occasionally shout uncontrollably at your foes. [potion of mutation]
  8914 | D:11     | Lost mutation: You have a pair of small horns on your head. [potion of mutation]
  8914 | D:11     | Lost mutation: Your system is resistant to poisons. (rPois) [potion of mutation]
  8914 | D:11     | Gained mutation: Your magical capacity is low. (-10% MP) [potion of mutation]
  8914 | D:11     | Gained mutation: Your flesh is cold resistant. (rC+) [potion of mutation]
  8915 | D:11     | Lost mutation: Your magical capacity is low. (-10% MP) [potion of mutation]
  8915 | D:11     | Lost mutation: Your flesh is cold resistant. (rC+) [potion of mutation]
  8915 | D:11     | Gained mutation: You are covered in fur. (AC +1) [potion of mutation]
  8915 | D:11     | Gained mutation: Your spells are a little harder to cast, but a little more powerful. [potion of mutation]
  8915 | D:11     | Gained mutation: Your muscles are strong. (Str +2) [potion of mutation]
  9158 | D:11     | Noticed a two-headed ogre
  9171 | D:11     | Killed a two-headed ogre
  9504 | D:11     | Found a staircase to the Orcish Mines.
 10501 | D:11     | Noticed a two-headed ogre
 10502 | D:11     | Noticed an eight-headed hydra
 10654 | Lair:1   | Entered Level 1 of the Lair of Beasts
 11832 | Lair:1   | HP: 3/75 [poisoned by a black mamba]
 11838 | Lair:1   | Received a gift from Trog
 12053 | Lair:1   | Reached skill level 13 in Armour
 12419 | Lair:1   | HP: 2/75 [black mamba (8)]
 12420 | Lair:1   | Slain by a porcupine

Skill      XL: |  1  2  3  4  5  6  7  8  9 10 11 12 |
---------------+-------------------------------------+-----
Short Blades   | 5 6 7 8 10 11 12 | 12.3
Dodging        | 3 4 5 6 |  6.1
Armour         | 2 3 4 5 7 9 11 13 | 13.0
Fighting       | 4 5 6 7 8 |  8.4
Stealth        | 1 2 3 |  3.9

Action                   |  1- 3 |  4- 6 |  7- 9 | 10-12 || total
-------------------------+-------+-------+-------+-------++-------
Melee: Short sword       |    22 |       |       |       ||    22
       Dagger            |    71 |   178 |   102 |   637 ||   988
       Headbutt          |       |       |    18 |   128 ||   146
       Rapier            |       |       |       |   307 ||   307
Invok: Berserk           |     2 |     1 |     7 |    26 ||    36
       Trog's Hand       |       |       |       |     4 ||     4
       Burn Spellbooks   |       |       |       |     1 ||     1
       Brothers in Arms  |       |       |       |     1 ||     1
  Use: Potion            |       |       |     2 |    13 ||    15
       Scroll            |       |       |       |    14 ||    14
 Stab: Sleeping          |     1 |       |       |       ||     1
  Eat: Chunk             |    10 |    10 |    16 |    56 ||    92
Armor: Ring mail         |    15 |    30 |       |       ||    45
       Animal skin       |     1 |       |       |       ||     1
       Plate armour      |       |    28 |    45 |   314 ||   387
Dodge: Dodged            |    68 |    93 |    56 |   423 ||   640
